 Dungeon Crawl Stone Soup version 0.23-a0-139-ga22e90c (webtiles) character file.

2835 torrenera the Sneak (level 9, -7/66 HPs)
             Began as a Gnoll Enchanter on Aug 29, 2018.
             Was a Follower of Dithmenos.
             Mangled by a cyan ugly thing (13 damage)
             ... on level 7 of the Dungeon on Aug 30, 2018.
             The game lasted 00:25:04 (7848 turns).

torrenera the Sneak (Gnoll Enchanter)               Turns: 7848, Time: 00:25:05

Health: -7/66      AC:  4    Str: 11    XL:     9   Next: 73%
Magic:  15/19      EV: 16    Int: 20    God:    Dithmenos [*.....]
Gold:   405        SH:  0    Dex: 16    Spells: 9/21 levels left

rFire    + . .     SeeInvis .   a - +1 dagger
rCold    . . .     Gourm    .   (no shield)
rNeg     . . .     Faith    .   v - +0 robe
rPois    .         Spirit   .   F - +0 helmet
rElec    .         Reflect  .   u - +0 cloak
rCorr    .         Harm     .   (no gloves)
MR       .....                  (no boots)
Stlth    ++++......             (no amulet)
HPRegen  0.21/turn              (no ring)
MPRegen  0.16/turn              I - ring of protection from fire

@: wreathed by umbra
A: distributed training, fangs 1, strong nose
a: Renounce Religion


You were on level 7 of the Dungeon.
You worshipped Dithmenos.
Dithmenos was aware of your devotion.
You were not hungry.

You visited 1 branch of the dungeon, and saw 7 of its levels.
You also visited: Sewer.

You collected 405 gold pieces.

Inventory:

Hand Weapons
 a - a +1 dagger (weapon)
 b - a +1 whip of electrocution
 t - a +3 quarterstaff of chaos
 L - a +0 blowgun
Missiles
 l - 175 stones (quivered)
 s - 33 poisoned needles
 K - 2 javelins
 M - 6 tomahawks
Armour
 u - a +0 cloak (worn)
 v - a +0 robe (worn)
 F - a +0 helmet (worn)
Jewellery
 f - an uncursed amulet of faith
 p - an uncursed ring of ice
 I - a ring of protection from fire (right hand)
Wands
 C - a wand of iceblast (7)
 E - a wand of paralysis (6)
 J - a wand of flame (22)
Scrolls
 c - a scroll of fog {unknown}
 e - 3 scrolls of teleportation
 h - a scroll of immolation
 i - 4 scrolls of remove curse
 m - a scroll of fear {unknown}
 n - a scroll of blinking {unknown}
 q - a scroll of acquirement {unknown}
 r - a scroll of random uselessness {unknown}
 y - a scroll of magic mapping {unknown}
 D - a scroll of noise {unknown}
 H - 2 scrolls of enchant weapon {unknown}
Potions
 g - 4 potions of berserk rage
 j - a potion of lignification
 k - a potion of haste
 o - 3 potions of flight
 w - a potion of brilliance
 x - a potion of heal wounds
 z - 2 potions of ambrosia
 A - 2 potions of agility
 G - a potion of curing {unknown}
 N - 2 potions of invisibility {unknown}
Comestibles
 d - 16 rations
 B - 4 chunks of flesh


   Skills:
 + Level 4.4 Fighting
 + Level 5.2 Short Blades
 + Level 4.4 Long Blades
 + Level 4.4 Axes
 + Level 4.4 Maces & Flails
 + Level 4.4 Polearms
 + Level 4.4 Staves
 + Level 4.4 Slings
 + Level 4.4 Bows
 + Level 4.4 Crossbows
 + Level 4.4 Throwing
 + Level 4.4 Armour
 + Level 6.4 Dodging
 + Level 7.5 Stealth
 + Level 4.4 Shields
 + Level 4.4 Unarmed Combat
 + Level 6.8 Spellcasting
 + Level 3.6 Conjurations
 + Level 6.6 Hexes
 + Level 3.6 Charms
 + Level 3.6 Summonings
 + Level 3.6 Necromancy
 + Level 3.6 Translocations
 + Level 3.6 Transmutations
 + Level 3.6 Fire Magic
 + Level 3.6 Ice Magic
 + Level 3.6 Air Magic
 + Level 3.6 Earth Magic
 + Level 3.6 Poison Magic
 + Level 4.9 Invocations
 + Level 4.4 Evocations


You had 9 spell levels left.
You knew the following spells:

 Your Spells              Type           Power        Failure   Level  Hunger
a - Corona                Hex            ####...      1%          1    None
b - Ensorcelled Hibernat  Hex/Ice        ####..       1%          2    None
c - Confuse               Hex            ####....     1%          3    #......
d - Tukima's Dance        Hex            ####....     1%          3    #......
e - Dazzling Spray        Conj/Hex       ####..       3%          3    #......

Your spell library contained the following spells:

 Spells                   Type           Power        Failure   Level  Hunger


Dungeon Overview and Level Annotations

Branches:
Dungeon (7/15)             Temple (0/1) D:7

Altars:
Dithmenos
Gozag
Kikubaaqudgha
Makhleb
Nemelex Xobeh
Trog
Uskayaw
Yredelemnul
The Shining One

Annotations:
D:4 2 transporters


Innate Abilities, Weirdness & Mutations

Your experience applies equally to all skills.
You have very sharp teeth.
Your uncanny sense of smell can sniff out nearby items.


Message History

Things that are here:
a mace; a plate armour; a bullfrog corpse
There is an escape hatch in the ceiling here.
The cyan ugly thing bites you! The cyan ugly thing shocks you!
* * * LOW HITPOINT WARNING * * *
You hit the cyan ugly thing.
The cyan ugly thing is moderately wounded.
The cyan ugly thing seems less confused.
There is an escape hatch in the ceiling here.
Casting: Confuse (safe; 1% risk of failure)
Confirm with . or Enter, or press ? or * to list all spells.
Aiming: Dazzling Spray (safe; 3% risk of failure)
Press: ? - help, Shift-Dir - straight line, f/p - cyan ugly thing
Aim: a cyan ugly thing (moderately wounded, umbra)
The spray of energy hits the cyan ugly thing.
The cyan ugly thing is heavily wounded.
The cyan ugly thing bites you!
* * * LOW HITPOINT WARNING * * *
The cyan ugly thing shocks you!
You die...

..# #......# #. #.#
#####.## #. #.# #.# #. #
#. #.# #.# ## #. #. #.#
#.# #.##. #.# #.## #
#..#.##.# #####..## ##
##.......###.......####.
.......@.)............'.
##.....u####.##....####.
##.#.#.# #.#....## ## #
##..# #.#..### #
#.###....## #.#..#
.........# #.#..#
..u#...#.# #....#
S.#...#..# ###.##
#[..#/..# #.# ######


You could see a cyan ugly thing.

Vanquished Creatures
  Grinder (D:3)
  Sigmund (D:4)
  Purgy (Sewer)
  A sky beast (D:5)
  An orc warrior (D:7)
  A phantom (D:6)
  A necrophage (D:6)
  An ice beast (D:6)
  4 ogres
  A big kobold (D:7)
  3 bullfrogs
  A gnoll sergeant (D:6)
  A scorpion (D:6)
  A wight (D:7)
  2 howler monkeys
  4 crimson imps
  2 centaur zombies (D:7)
  A bullfrog zombie (D:5)
  A hound (D:4)
  An orc wizard (D:4)
  2 jellies
  A gnoll shaman (D:7)
  3 orc priests
  Crazy Yiuf (D:3)
  Jessica (D:3)
  A centaur skeleton (D:6)
  Natasha (D:4)
  2 iguanas
  5 worker ants
  A hound zombie (D:6)
  A hound skeleton (D:5)
  2 worker ant zombies
  4 gnolls (D:6)
  10 adders
  A shadow imp (D:7)
  3 oozes
  2 adder skeletons
  An adder zombie (D:3)
  A worm (D:2)
  2 dart slugs
  7 leopard geckos
  8 orcs
  2 ball pythons
  8 giant cockroaches
  9 goblins
  8 hobgoblins
  3 jackals (D:3)
  10 kobolds
  2 quokkas
  10 bats
  5 frilled lizards
  A leopard gecko skeleton (D:7)
  6 rats
154 creatures vanquished.

Vanquished Creatures (collateral kills)
  An orc warrior (D:3)
  A gnoll (D:6)
2 creatures vanquished.

Vanquished Creatures (others)
  2 dancing weapons
2 creatures vanquished.

Grand Total: 158 creatures vanquished

Notes
Turn   | Place    | Note
-------+----------+-------------------------------------------
     0 | D:1      | torrenera the Gnoll Enchanter began the quest for the Orb.
     0 | D:1      | Reached XP level 1. HP: 13/13 MP: 6/6
   111 | D:1      | Reached XP level 2. HP: 19/19 MP: 7/7
   518 | D:1      | Learned a level 2 spell: Ensorcelled Hibernation
   567 | D:1      | Reached XP level 3. HP: 24/25 MP: 7/9
   731 | D:1      | Reached skill level 5 in Spellcasting
   959 | D:2      | Learned a level 3 spell: Confuse
  1033 | D:2      | Reached skill level 6 in Stealth
  1189 | D:2      | Reached skill level 1 in Invocations
  1222 | D:2      | Found a shadowy altar of Dithmenos.
  1225 | D:2      | Found a hide-covered altar of Uskayaw.
  1228 | D:2      | Found a glowing golden altar of the Shining One.
  1430 | D:2      | Reached skill level 1 in Fighting
  1430 | D:2      | Reached skill level 1 in Long Blades
  1430 | D:2      | Reached skill level 1 in Axes
  1430 | D:2      | Reached skill level 1 in Maces & Flails
  1430 | D:2      | Reached skill level 1 in Polearms
  1430 | D:2      | Reached skill level 1 in Staves
  1430 | D:2      | Reached skill level 1 in Slings
  1430 | D:2      | Reached skill level 1 in Bows
  1430 | D:2      | Reached skill level 1 in Crossbows
  1430 | D:2      | Reached skill level 1 in Throwing
  1430 | D:2      | Reached skill level 1 in Armour
  1430 | D:2      | Reached skill level 1 in Shields
  1430 | D:2      | Reached skill level 1 in Unarmed Combat
  1430 | D:2      | Reached skill level 1 in Evocations
  1700 | D:3      | Reached XP level 4. HP: 32/32 MP: 11/11
  1732 | D:3      | Found a glowing drain.
  1746 | Sewer    | Entered a sewer
  1794 | Sewer    | Noticed Purgy
  1834 | Sewer    | Killed Purgy
  1834 | Sewer    | Reached skill level 1 in Conjurations
  1834 | Sewer    | Reached skill level 1 in Charms
  1834 | Sewer    | Reached skill level 1 in Summonings
  1834 | Sewer    | Reached skill level 1 in Necromancy
  1834 | Sewer    | Reached skill level 1 in Translocations
  1834 | Sewer    | Reached skill level 1 in Transmutations
  1834 | Sewer    | Reached skill level 1 in Fire Magic
  1834 | Sewer    | Reached skill level 1 in Ice Magic
  1834 | Sewer    | Reached skill level 1 in Air Magic
  1834 | Sewer    | Reached skill level 1 in Earth Magic
  1834 | Sewer    | Reached skill level 1 in Poison Magic
  1834 | Sewer    | Reached XP level 5. HP: 31/37 MP: 6/12
  2045 | D:3      | Learned a level 3 spell: Tukima's Dance
  2049 | D:3      | Learned a level 3 spell: Dazzling Spray
  2353 | D:3      | Noticed Jessica
  2380 | D:3      | Killed Jessica
  2380 | D:3      | Reached XP level 6. HP: 28/44 MP: 3/13
  2654 | D:3      | Noticed an orc warrior
  2716 | D:3      | Found a basalt altar of Yredelemnul.
  2764 | D:3      | Found a runed door.
  2768 | D:3      | Noticed Crazy Yiuf
  2775 | D:3      | Killed Crazy Yiuf
  3033 | D:3      | Killed an orc warrior
  3033 | D:3      | Reached skill level 5 in Dodging
  3512 | D:3      | Noticed Grinder
  3520 | D:3      | Killed Grinder
  3520 | D:3      | Reached XP level 7. HP: 51/51 MP: 5/15
  3944 | D:4      | Found an ancient bone altar of Kikubaaqudgha.
  4019 | D:4      | Found a transporter.
  4038 | D:4      | Found a transporter.
  4166 | D:4      | Reached XP level 8. HP: 57/57 MP: 13/16
  4470 | D:4      | Noticed Sigmund
  4472 | D:4      | Found an opulent altar of Gozag.
  4472 | D:4      | Noticed Natasha
  4482 | D:4      | Killed Natasha
  4486 | D:4      | Killed Sigmund
  4633 | D:5      | Entered Level 5 of the Dungeon
  4716 | D:5      | Found a bloodstained altar of Trog.
  4717 | D:5      | Found a burning altar of Makhleb.
  4777 | D:5      | Reached skill level 7 in Stealth
  5144 | D:5      | Reached XP level 9. HP: 65/65 MP: 12/18
  5319 | D:2      | Became a worshipper of Dithmenos the Shadowed
  5792 | D:6      | Found a sparkling altar of Nemelex Xobeh.
  6727 | D:7      | Upgraded the game from 0.23-a0-137-gef0ad6d to
                  | 0.23-a0-139-ga22e90c
  6802 | D:7      | Reached skill level 5 in Short Blades
  6818 | D:7      | Reached * piety under Dithmenos
  6906 | D:7      | Found a staircase to the Ecumenical Temple.
  6933 | D:7      | Noticed a cyan ugly thing
  7848 | D:7      | Mangled by a cyan ugly thing

Vault maps used:
D:1:      dpeg_arrival_houses_and_road, serial_bayou_pond_c,
          kennysheep_flooded_box
D:2:      grunt_temple_overflow_diamond
D:3:      yredelemnul_altar_generic, serial_undead, serial_undead_b,
          serial_undead_b, serial_undead_b, serial_undead_d,
          portal_sewer_entry_d, uniq_grinder, uniq_crazy_yiuf_cottage,
          uniq_jessica
D:4:      gammafunk_steamed_eel, grunt_gozag_statues, kiku_gazebo_pond_becter,
          first_ration, uniq_natasha, uniq_sigmund
D:5:      grunt_temple_overflow_open
D:6:      lemuel_round_altar
D:7:      cheibrodos_fzero, minmay_temple_entry_junction
Sewer:    sewer_big_baddie

Skill      XL: |  1  2  3  4  5  6  7  8  9 |
---------------+----------------------------+-----
Spellcasting   | 5 6 |  6.8
Stealth        | 6 7 |  7.5
Invocations    | 1 2 3 4 |  4.9
Fighting       | 1 2 3 4 |  4.4
Long Blades    | 1 2 3 4 |  4.4
Axes           | 1 2 3 4 |  4.4
Maces & Flails | 1 2 3 4 |  4.4
Polearms       | 1 2 3 4 |  4.4
Staves         | 1 2 3 4 |  4.4
Slings         | 1 2 3 4 |  4.4
Bows           | 1 2 3 4 |  4.4
Crossbows      | 1 2 3 4 |  4.4
Throwing       | 1 2 3 4 |  4.4
Armour         | 1 2 3 4 |  4.4
Shields        | 1 2 3 4 |  4.4
Unarmed Combat | 1 2 3 4 |  4.4
Evocations     | 1 2 3 4 |  4.4
Short Blades   | 3 4 5 |  5.2
Conjurations   | 1 2 3 |  3.6
Charms         | 1 2 3 |  3.6
Summonings     | 1 2 3 |  3.6
Necromancy     | 1 2 3 |  3.6
Translocations | 1 2 3 |  3.6
Transmutations | 1 2 3 |  3.6
Fire Magic     | 1 2 3 |  3.6
Ice Magic      | 1 2 3 |  3.6
Air Magic      | 1 2 3 |  3.6
Earth Magic    | 1 2 3 |  3.6
Poison Magic   | 1 2 3 |  3.6
Dodging        | 5 6 |  6.4
Hexes          | 6 |  6.6

Action                   |  1- 3 |  4- 6 |  7- 9 || total
-------------------------+-------+-------+-------++-------
Melee: Dagger            |    72 |   103 |   313 ||   488
       Bite              |     7 |    10 |    42 ||    59
       Punch             |     1 |     1 |     8 ||    10
       Whip              |       |       |    13 ||    13
 Fire: Blowgun           |       |       |    18 ||    18
Throw: Stone             |       |     1 |     4 ||     5
 Cast: Corona            |    15 |     4 |     3 ||    22
       Ensorcelled Hiber |     3 |    21 |    56 ||    80
       Confuse           |     1 |     7 |    17 ||    25
       Tukima's Dance    |       |     1 |     3 ||     4
       Dazzling Spray    |       |       |     4 ||     4
Evoke: Wand              |       |       |     4 ||     4
  Use: Scroll            |       |     5 |     7 ||    12
 Stab: Sleeping          |    16 |    19 |    45 ||    80
       Confused          |       |     2 |     9 ||    11
       Invisible         |       |       |     3 ||     3
       Paralysed         |       |       |     1 ||     1
  Eat: Chunk             |     2 |     6 |    15 ||    23
Armor: Robe              |     7 |    21 |    31 ||    59
Dodge: Dodged            |    32 |    95 |   205 ||   332

Table legend:
 A = Non-vault XP
 B = Vault XP
 C = Vault XP percentage of total XP
 D = Non-vault monster count
 E = Vault monster count
 F = Vault count percentage of total count
                 A         B        C        D         E       F
            +---------+---------+-------+---------+---------+-------
      Total |    3077 |     974 |  24.0 |     138 |      18 |  11.5
            +---------+---------+-------+---------+---------+-------
        D:1 |      42 |       0 |   0.0 |      21 |       0 |   0.0
        D:2 |      37 |       0 |   0.0 |      14 |       0 |   0.0
        D:3 |     258 |     401 |  60.8 |      24 |       6 |  20.0
        D:4 |     401 |     258 |  39.2 |      19 |       2 |   9.5
        D:5 |     847 |       0 |   0.0 |      17 |       0 |   0.0
        D:6 |     887 |       0 |   0.0 |      22 |       0 |   0.0
        D:7 |     605 |     174 |  22.3 |      21 |       4 |  16.0
      Sewer |       0 |     141 | 100.0 |       0 |       6 | 100.0
            +---------+---------+-------+---------+---------+-------
